 Dungeon Crawl Stone Soup version 0.24.0-7-gb3623d2c88 (webtiles) character file.

Game seed: 13646872918629242853, levelgen mode: deterministic

2247 Emblim88 the Archer (level 9, -1/78 HPs)
             Began as a Centaur Hunter on Nov 2, 2019.
             Was a Follower of Ru.
             Killed from afar by an orc wizard (8 damage)
             ... with a puff of frost
             ... on level 7 of the Dungeon.
             The game lasted 00:19:42 (8449 turns).

Emblim88 the Archer (Centaur Hunter)                Turns: 8449, Time: 00:19:43

Health: -1/78      AC: 10    Str: 15    XL:     9   Next: 15%
Magic:  9/9        EV:  5    Int: 10    God:    Ru [*.....]
Gold:   284        SH:  4    Dex: 13    Spells: 8/8 levels left

rFire    . . .     SeeInvis .   a - +1 shortbow
rCold    . . .     Gourm    .   (shield currently unavailable)
rNeg     . . .     Faith    .   v - +1 chain mail {rPois}
rPois    +         Spirit   .   p - +0 helmet
rElec    .         Reflect  .   m - +0 cloak
rCorr    .         Harm     .   (no gloves)
MR       .....     Clarity  +   (no barding)
Stlth    ..........             (no amulet)
HPRegen  0.23/turn              (no ring)
MPRegen  0.11/turn              (no ring)

@: no potions, drained, very quick
A: large, hooves 3, large bone plates 1, clarity, deformed body, speed 2, tough
skin 3, inability to drink while threatened
a: Renounce Religion


You were on level 7 of the Dungeon.
You worshipped Ru.
Ru was aware of your devotion.
You were hungry.

You visited 1 branch of the dungeon, and saw 7 of its levels.

You collected 284 gold pieces.

Inventory:

Hand Weapons
 a - a +1 shortbow (weapon)
 e - a +0 hunting sling
 f - a +0 flail of holy wrath
 A - a +0 falchion of electrocution
 F - a +3 flail of draining
 G - a +3 hand crossbow
Missiles
 c - 7 curare-tipped darts
 d - 36 sling bullets
 o - 225 stones
 t - an arrow (quivered)
 B - 9 poisoned darts
 D - a throwing net
Armour
 j - a +0 leather armour of cold resistance
 m - a +0 cloak (worn)
 p - a +0 helmet (worn)
 v - a +1 chain mail of poison resistance (worn)
 w - a +0 shield
 x - a +0 plate armour
Jewellery
 i - an uncursed ring of teleportation
Scrolls
 g - 2 scrolls of fear
 n - 4 scrolls of identify
 q - a scroll of enchant armour
 r - 2 scrolls of magic mapping
 s - 4 scrolls of remove curse
 y - a scroll of random uselessness {unknown}
 z - a scroll of blinking
 C - a scroll of teleportation {unknown}
 E - a scroll of silence {unknown}
Potions
 h - a potion of haste
 k - 2 potions of might
 l - a potion of invisibility
 u - a potion of flight
Comestibles
 b - 8 rations


   Skills:
 + Level 6.9(5.9) Fighting
   Level 0.3(0.0) Short Blades
 - Level 0.1(0.0) Maces & Flails
 + Level 11.4(10.3) Bows
 - Level 1.2(0.4) Armour
 + Level 4.6(3.7) Dodging
 - Level 0.5(0.0) Stealth


You had 8 spell levels left.
You didn't know any spells.
Your spell library was empty.

Dungeon Overview and Level Annotations

Branches:
Dungeon (7/15)
 Temple: D:4-7

Altars:
Ashenzari
Cheibriados
Elyvilon
Fedhas
Gozag
Qazlal
Ru
Uskayaw
Vehumet
Wu Jian
Zin

Shops:
D:6 (

Annotations:
D:3 3 runed translucent doors, pantherbaby's ghost, amateur OpAs


Innate Abilities, Weirdness & Mutations

You have hooves in place of feet.
Armour fits poorly on your strangely shaped body.
You cover ground very quickly.
You have extremely tough skin. (AC +3)
You cannot drink potions while threatened.
You are partially covered in large bone plates. (SH +4)
You possess an exceptional clarity of mind.


Message History

* * * LOW HITPOINT WARNING * * *
A magic dart appears from out of thin air!
The magic dart hits you but does no damage.
Found 8 gold pieces.
Found 16 gold pieces.
You see here 16 gold pieces.
You can drink potions again.
The orc wizard is no longer moving quickly.
The orc wizard mumbles some strange words.
The orc wizard seems to speed up.
The orc wizard points at you and mumbles some strange words.
The magic dart hits you but does no damage.
Found a runed hand crossbow.
You see here a runed hand crossbow.
G - a runed hand crossbow A quokka comes into view.
The orc wizard gestures at you while chanting.
The puff of frost hits you!
You feel threatened and lose the ability to drink potions!
You die...

..... #.# #.# #r#
#.# #.# #.# #.#
#### #@# .o.# #.#
##.# #.# ##.# #.#
##$# #.#
##.#############.#
..........o....o.#
##.###############
##.#


You could see an orc wizard and a quokka.

Vanquished Creatures
  Eustachio (D:5)
  Edmund (D:6)
  Purgy (D:3)
  5 ogres
  2 centaurs (D:6)
  Blork the orc (D:4)
  3 bullfrogs
  2 scorpions
  5 killer bees (D:7)
  3 wights (D:7)
  A howler monkey (D:3)
  An orc priest (D:4)
  2 bullfrog skeletons (D:4)
  Terence (D:2)
  2 iguanas
  2 orc wizards
  5 worker ants
  A hound skeleton (D:5)
  4 gnolls (D:6)
  4 adders
  A shadow imp (D:5)
  2 adder skeletons (D:5)
  6 worms
  2 dart slugs
  5 leopard geckos
  17 orcs
  11 bats
  4 giant cockroaches
  8 goblins
  7 hobgoblins
  8 jackals
  4 quokkas
  7 frilled lizards
  9 kobolds
  2 leopard gecko skeletons
  12 rats
152 creatures vanquished.

Vanquished Creatures (others)
  An orc priest (D:7)
1 creature vanquished.

Grand Total: 153 creatures vanquished

Notes
Turn   | Place    | Note
-------+----------+-------------------------------------------
     0 | D:1      | Emblim88 the Centaur Hunter began the quest for the Orb.
     0 | D:1      | Reached XP level 1. HP: 17/17 MP: 1/1
    97 | D:1      | Reached XP level 2. HP: 24/24 MP: 2/2
   115 | D:1      | Reached skill level 6 in Bows
   614 | D:1      | Reached XP level 3. HP: 29/29 MP: 3/3
  1599 | D:2      | Reached XP level 4. HP: 36/36 MP: 4/4
  1715 | D:2      | Reached skill level 7 in Bows
  2011 | D:3      | Noticed Terence
  2057 | D:2      | Killed Terence
  2378 | D:3      | Found a runed translucent gate.
  2378 | D:3      | Found a runed translucent gate.
  2378 | D:3      | Found a runed translucent gate.
  2378 | D:3      | Noticed pantherbaby's ghost (amateur OpAs)
  2396 | D:3      | Noticed Purgy
  2408 | D:3      | Killed Purgy
  2408 | D:3      | Reached XP level 5. HP: 35/45 MP: 5/5
  2457 | D:3      | Reached skill level 8 in Bows
  3311 | D:3      | Reached XP level 6. HP: 40/51 MP: 6/6
  3504 | D:4      | Noticed Blork the orc
  3520 | D:4      | Killed Blork the orc
  3536 | D:4      | Reached skill level 9 in Bows
  3536 | D:4      | Reached skill level 1 in Armour
  3537 | D:4      | HP: 1/52 [worker ant (4)]
  3921 | D:3      | Gained mutation: You are partially covered in large bone
                  | plates. (SH +4) [potion of mutation]
  3921 | D:3      | Gained mutation: You possess an exceptional clarity of
                  | mind. [potion of mutation]
  3933 | D:3      | HP: 2/52 [poisoned by a worker ant]
  3939 | D:3      | HP: 2/52 [poisoned by a worker ant]
  3947 | D:3      | HP: 1/52 [poisoned by a worker ant]
  4278 | D:3      | Reached XP level 7. HP: 51/59 MP: 7/7
  4863 | D:4      | Found a sacrificial altar of Ru.
  5081 | D:5      | Entered Level 5 of the Dungeon
  5135 | D:5      | Noticed Eustachio
  5681 | D:4      | Became a worshipper of Ru the Awakened
  5810 | D:5      | Killed Eustachio
  5810 | D:5      | Reached skill level 5 in Fighting
  6222 | D:5      | Reached skill level 10 in Bows
  6222 | D:5      | Reached XP level 8. HP: 66/68 MP: 8/8
  6226 | D:5      | Found a hide-covered altar of Uskayaw.
  7206 | D:6      | Found a white marble altar of Elyvilon.
  7326 | D:6      | Noticed Edmund
  7360 | D:6      | Killed Edmund
  7448 | D:6      | Gained mutation: You cannot drink potions while threatened.
                  | [Ru sacrifice]
  7448 | D:6      | Reached * piety under Ru
  7464 | D:6      | Found Utaadaocs's Antique Weapon Shoppe.
  7517 | D:6      | Found an opulent altar of Gozag.
  7517 | D:6      | Found a blossoming altar of Fedhas.
  7517 | D:6      | Found a stormy altar of Qazlal.
  7518 | D:6      | Found a snail-covered altar of Cheibriados.
  7518 | D:6      | Found a glowing silver altar of Zin.
  7519 | D:6      | Found a radiant altar of Vehumet.
  7520 | D:6      | Found a shattered altar of Ashenzari.
  7522 | D:6      | Found an ornate altar of the Wu Jian Council.
  7655 | D:7      | Found a sacrificial altar of Ru.
  7676 | D:7      | Reached skill level 11 in Bows
  7758 | D:7      | Reached XP level 9. HP: 49/78 MP: 9/9
  8415 | D:7      | HP: 1/78 [something/magic dart (8)]
  8449 | D:7      | Killed from afar by an orc wizard

Levels and vault maps discovered:
D:1:      psy_arrival_spokes, layout_rooms
D:2:      layout_basic
D:3:      layout_loops_corners, gammafunk_ghost_split, uniq_terence, uniq_purgy
D:4:      kennysheep_six_static_rooms, layout_gridville,
          nicolae_overflow_hidden_temple, first_ration,
          chequers_serial_rivers_micro_e, uniq_blork_the_orc
D:5:      layout_cave_pools, basic_altar, uniq_eustachio
D:6:      layout_layer_cave, elyvilon_altar_5, minitemple, serial_shops, shop,
          uniq_edmund
D:7:      layout_basic, xom_redecorated, minmay_temple_entry_arrows,
          grunt_ogre_cave, nicolae_ru_awakened_eye

Skill      XL: |  1  2  3  4  5  6  7  8 |
---------------+-------------------------+-----
Bows           | 6 7 8 9 10 11 | 11.4
Fighting       | 3 4 5 6 |  6.9
Armour         | 1 |  1.2
Dodging        | 3 4 |  4.6
Short Blades   | |  0.3
Maces & Flails | |  0.1
Stealth        | |  0.5

Action                   |  1- 3 |  4- 6 |  7- 9 || total
-------------------------+-------+-------+-------++-------
Melee: Short sword       |    49 |       |       ||    49
       Kick              |    10 |     7 |    34 ||    51
       Flail             |       |    31 |   129 ||   160
       Falchion          |       |       |     3 ||     3
 Fire: Shortbow          |   143 |   153 |   172 ||   468
Throw: Stone             |       |    10 |     9 ||    19
       Dart              |       |       |    11 ||    11
Invok: Sacrifice Drink   |       |       |     1 ||     1
  Use: Scroll            |     4 |     4 |     2 ||    10
       Potion            |       |     5 |       ||     5
  Eat: Chunk             |     1 |     3 |     4 ||     8
       Ration            |       |     1 |     2 ||     3
Armor: Leather armour    |    48 |    17 |       ||    65
       Plate armour      |       |    60 |    33 ||    93
       Chain mail        |       |       |   163 ||   163
Dodge: Dodged            |    59 |    22 |    83 ||   164
Block: Other             |       |     3 |    54 ||    57
